 Dungeon Crawl Stone Soup version 0.30-a0-777-ga9a30cbeda (webtiles) character file.

Game seed: 5517526250585029907

6353 demibob the Severer (level 10, 0/115 HPs)
             Began as a Minotaur Berserker on Feb 15, 2023.
             Was an Elder of Trog.
             Slain by a two-headed ogre
             ... wielding a +0 giant club
              (4 damage)
             ... on level 9 of the Dungeon.
             The game lasted 00:20:33 (7819 turns).

demibob the Severer (Minotaur Berserker)            Turns: 7819, Time: 00:20:33

Health: 0/115      AC: 14    Str: 27    XL:     10   Next: 65%
Magic:  0/9        EV:  9    Int:  6    God:    Trog [****..]
Gold:   807        SH:  0    Dex: 13    Spells: 9/9 levels left

rFire   . . .      SeeInvis +    a - +2 executioner's axe (elec)
rCold   . . .      Faith    .    (shield currently unavailable)
rNeg    . . .      Spirit   +    l - +0 chain mail
rPois   .          Reflect  .    (helmet restricted)
rElec   .          Harm     .    j - +1 cloak of Aliofota {Slay+2}
rCorr   .          Rampage  .    D - +0 pair of gloves
Will    .....                    (no boots) Stlth
                                 p - amulet of guardian spirit
HPRegen 0.39/turn                S - +6 ring of strength
MPRegen 0.11/turn                v - ring of see invisible

@: berserking, very quick
A: horns 2, retaliatory headbutt
a: Renounce Religion, Berserk, Trog's Hand, Brothers in Arms


You were on level 9 of the Dungeon.
You worshipped Trog.
Trog was greatly pleased with you.
You visited 1 branch of the dungeon, and saw 9 of its levels.

You collected 1423 gold pieces.
You spent 616 gold pieces at shops.


Innate Abilities, Weirdness & Mutations

You have a pair of horns on your head.
You reflexively headbutt those who attack you in melee.


   Skills:
 - Level 3.6 Fighting
 + Level 17.4 Axes
 - Level 8.4 Armour
 - Level 2.1 Dodging


You had 9 spell levels left.
You didn't know any spells.
Your spell library was empty.

Inventory:

Hand Weapons
 a - a +2 executioner's axe of electrocution (weapon)
 x - a +0 hand axe
 y - a +0 battleaxe of freezing
Armour
 j - the +1 cloak of Aliofota (worn) {Slay+2}
   (You acquired it on level 4 of the Dungeon)

   Slay:      It affects your accuracy & damage with ranged weapons and melee
   (+2).
 l - a +0 chain mail (worn)
 D - a +0 pair of gloves (worn)
Jewellery
 p - an amulet of guardian spirit (around neck)
 v - a ring of see invisible (right hand)
 S - a +6 ring of strength (left hand)
Wands
 o - a wand of paralysis (9)
 A - a wand of digging (5)
Scrolls
 e - 2 scrolls of teleportation {@r2}
 k - 3 scrolls of enchant armour
 n - 3 scrolls of amnesia
Potions
 b - a potion of invisibility
 d - a potion of berserk rage {!q}
 f - 2 potions of might
 g - a potion of resistance
 i - 2 potions of magic
 m - 2 potions of lignification
 q - 2 potions of brilliance
 r - a potion of flight
 t - 2 potions of ambrosia
 u - a potion of degeneration {unknown}
 w - a potion of haste {unknown}
 z - a potion of attraction

Dungeon Overview and Level Annotations

Branches:
Dungeon (9/15)             Temple (0/1) D:6            Lair (0/5) D:8
    Orc (0/2) D:9

Altars:
Cheibriados
Makhleb
Wu Jian

Shops:
D:1 ?   D:2 (   D:5 :

Annotations:
D:4 3 runed translucent doors, necrobotica's ghost, amateur DjFE
D:7 1 runed translucent door, Crazy Yiuf
D:8 2 transporters

~~.....P##
#.#
~~..#.P.P#
#.#
~~.#..##.#
#.# #.#
~~....P.##
#.# ...
~~...####
###+#######.#
~~P...#
#.........#.#
~.##.##
#.........#.#
.##.##
#.........#.#
~..##
#....O@...#.#
#.##
#....<....'.#
.##
#.........#.#
##
#.........#.#
#
###'#######.#
#........##.#
#........##.#
#........##.#
#........##.#


You could see a two-headed ogre.


Message History

A two-headed ogre comes into view. It is wielding two +0 giant clubs.
The two-headed ogre shouts in stereo!
You barely miss the two-headed ogre. You headbutt the two-headed ogre!
The two-headed ogre is moderately wounded.
The two-headed ogre hits you with a +0 giant club!!
The two-headed ogre hits you but does no damage.
You hit the two-headed ogre. You headbutt the two-headed ogre.
The two-headed ogre is heavily wounded.
The two-headed ogre hits you with a +0 giant club!
The two-headed ogre hits you with a +0 giant club.
You barely miss the two-headed ogre.
Your headbutt misses the two-headed ogre.
The two-headed ogre is heavily wounded.
You barely miss the two-headed ogre. You headbutt the two-headed ogre!
The two-headed ogre is severely wounded.
The two-headed ogre barely misses you.
The two-headed ogre hits you with a +0 giant club!!
* * * LOW HITPOINT WARNING * * *
You are too injured to fight recklessly!
You slash the two-headed ogre!
The two-headed ogre is almost dead.
The two-headed ogre hits you with a +0 giant club!!
* * * LOW HITPOINT WARNING * * *
The two-headed ogre barely misses you.
Okay, then.
Use which ability? (? or * to list)
A red film seems to cover your vision as you go berserk!
You feel yourself moving faster!
You feel mighty!
The two-headed ogre hits you with a +0 giant club.
You die...

Skill      XL: |  1  2  3  4  5  6  7  8  9 10 |
---------------+-------------------------------+-----
Axes           | 4 5 6 7 8 9 12 13 15 17 | 17.4
Armour         | 5 8 |  8.4
Fighting       | |  3.6
Dodging        | |  2.1

Action                     |  1- 3 |  4- 6 |  7- 9 | 10-12 || total
---------------------------+-------+-------+-------+-------++-------
  Melee: Hand axe          |    96 |    41 |   132 |       ||   269
         Headbutt          |    10 |     4 |    42 |    17 ||    73
         Punch             |       |       |     2 |       ||     2
         Battleaxe         |       |       |    32 |       ||    32
         Executioner's axe |       |       |    23 |    92 ||   115
 Invoke: Berserk           |       |     2 |     6 |     2 ||    10
         Trog's Hand       |       |       |       |     1 ||     1
  Evoke: Wand              |       |       |       |     1 ||     1
    Use: Scroll            |       |     4 |    13 |    10 ||    27
         Potion            |       |     1 |       |     5 ||     6
   Stab: Invisible         |       |     3 |     6 |       ||     9
         Sleeping          |       |       |     1 |       ||     1
 Armour: Animal skin       |    37 |     7 |     3 |       ||    47
         Chain mail        |       |       |    57 |    53 ||   110
  Dodge: Dodged            |    60 |    28 |    65 |    52 ||   205

Levels and vault maps discovered:
D:1:      minmay_arrival_semitransparent, layout_loops_ring,
          nicolae_nh_oracle_at_delphi
D:2:      layout_loops_ring, serial_shops, shop_fountains
D:3:      layout_basic, serial_glass, glass_columns_a, glass_columns_a,
          glass_columns_b, glass_columns_b, glass_columns_b, glass_columns_a,
          glass_columns_b, glass_columns_b, nicolae_ecumenical_oubliette
D:4:      layout_loops_cross, ebering_ghost_rock_garden, uniq_pikel, uniq_edmund
D:5:      layout_loops_cross, nicolae_shop_vocational
D:6:      layout_rooms, nicolae_overflow_hidden_temple, temple_pool_b,
          serial_aquarium, aquarium_bridge_square [aquarium_subvault_window,
          aquarium_subvault_bridge, aquarium_subvault_bridge,
          aquarium_subvault_window], aquarium_bridge_long_joined
          [aquarium_subvault_window, aquarium_subvault_wall,
          aquarium_subvault_bridge, aquarium_subvault_balcony,
          aquarium_subvault_wall, aquarium_subvault_bridge], aquarium_window_1,
          aquarium_window_3, aquarium_view_2f, aquarium_view_2c,
          minmay_starry_boxes
D:7:      layout_basic, kennysheep_little_box, uniq_joseph,
          uniq_crazy_yiuf_cottage, uniq_menkaure
D:8:      gammafunk_cloud_chamber, layout_basic, lemuel_round_altar,
          lair_entry_dummy
D:9:      wad_lake_hut, layout_basic, orc_0_dummy

Notes
Turn   | Place    | Note
-------+----------+-------------------------------------------
     0 | D:1      | demibob the Minotaur Berserker began the quest for the Orb.
     0 | D:1      | Reached XP level 1. HP: 19/19 MP: 0/0
    80 | D:1      | You fall into a shaft and drop 1 floor!
   159 | D:1      | Reached skill level 4 in Axes
   270 | D:1      | Reached XP level 2. HP: 26/26 MP: 1/1
   283 | D:1      | Found The Oracle's Delphic Readings.
   742 | D:2      | Reached skill level 5 in Axes
   884 | D:2      | Found Urex's Antique Weapon Shop.
   912 | D:2      | Reached XP level 3. HP: 31/31 MP: 2/2
  1332 | D:3      | Found a faded altar of an unknown god.
  1397 | D:3      | Reached ** piety under Trog
  1869 | D:3      | Reached skill level 6 in Axes
  1869 | D:3      | Reached XP level 4. HP: 33/39 MP: 1/3
  2268 | D:4      | Reached skill level 7 in Axes
  2268 | D:4      | Reached XP level 5. HP: 45/45 MP: 4/4
  2274 | D:4      | Reached skill level 8 in Axes
  2274 | D:4      | Reached XP level 6. HP: 51/51 MP: 2/5
  2407 | D:4      | Noticed Edmund
  2410 | D:4      | Noticed Pikel
  2418 | D:4      | Killed Edmund
  2419 | D:4      | Reached skill level 9 in Axes
  2420 | D:4      | Reached XP level 7. HP: 57/57 MP: 4/6
  2423 | D:4      | Reached skill level 10 in Axes
  2439 | D:4      | Killed Pikel
  2440 | D:4      | Reached skill level 12 in Axes
  2440 | D:4      | Reached XP level 8. HP: 51/64 MP: 3/7
  2477 | D:4      | Identified a scroll of acquirement
  2477 | D:4      | Acquired the +1 cloak of Aliofota {Slay+2}
  2639 | D:4      | Identified a potion of resistance
  2768 | D:4      | Found a runed translucent gate.
  2769 | D:4      | Found a runed translucent gate.
  2897 | D:4      | Found a runed translucent gate.
  2897 | D:4      | Noticed necrobotica's ghost (amateur DjFE)
  3197 | D:5      | Entered Level 5 of the Dungeon
  3307 | D:5      | Reached skill level 3 in Armour
  3345 | D:5      | Found Taxaih's Vocational Training.
  3549 | D:5      | Reached skill level 4 in Armour
  3872 | D:5      | Reached skill level 13 in Axes
  4009 | D:6      | Reached skill level 5 in Armour
  4018 | D:6      | Reached XP level 9. HP: 70/70 MP: 4/8
  4102 | D:6      | Identified the +5 sling "Pyathreih" {drain, rN+ Str-3 Int+8
                  | Dex-5}
  4124 | D:6      | Found a staircase to the Ecumenical Temple.
  4193 | D:6      | Reached skill level 6 in Armour
  4380 | D:6      | Found an ornate altar of the Wu Jian Council.
  4813 | D:7      | Reached skill level 14 in Axes
  4813 | D:7      | Reached skill level 7 in Armour
  4857 | D:7      | Reached *** piety under Trog
  5025 | D:7      | Noticed Joseph
  5031 | D:7      | Noticed Menkaure
  5040 | D:7      | Killed Menkaure
  5041 | D:7      | Killed Joseph
  5042 | D:7      | Reached skill level 8 in Armour
  5049 | D:7      | Acquired 1011 gold pieces
  5210 | D:1      | Bought a scroll of acquirement for 572 gold pieces
  5210 | D:1      | Bought a scroll of identify for 22 gold pieces
  5210 | D:1      | Bought a scroll of identify for 22 gold pieces
  5210 | D:1      | Acquired a +2 executioner's axe of electrocution
  5455 | D:7      | Reached skill level 15 in Axes
  5518 | D:7      | Found a runed translucent door.
  5519 | D:7      | Noticed Crazy Yiuf
  5690 | D:7      | Found a burning altar of Makhleb.
  5878 | D:8      | Found a transporter.
  5990 | D:8      | Reached XP level 10. HP: 71/77 MP: 9/9
  6033 | D:8      | Found a snail-covered altar of Cheibriados.
  6354 | D:8      | Paralysed by a hornet for 1 turns
  6545 | D:8      | Found a transporter.
  6550 | D:8      | Found a staircase to the Lair.
  6817 | D:9      | Reached skill level 16 in Axes
  6996 | D:9      | HP: 5/77 [electric eel/bolt of electricity (6)]
  7421 | D:9      | Reached skill level 17 in Axes
  7425 | D:9      | HP: 11/115 [killer bee (5)]
  7430 | D:9      | HP: 4/77 [poisoned by a killer bee]
  7675 | D:9      | Found a staircase to the Orcish Mines.
  7685 | D:9      | Reached **** piety under Trog
  7810 | D:9      | Noticed a two-headed ogre
  7818 | D:9      | HP: 2/77 [two-headed ogre/+0 giant club (27)]
  7819 | D:9      | Slain by a two-headed ogre

Vanquished Creatures
  Pikel (D:4)
  Joseph (D:7)
  2 hornets
  3 yaks (D:9)
  A steam dragon (D:9)
  Menkaure (D:7)
  Edmund (D:4)
  An acid dragon (D:9)
  A water moccasin (D:5)
  3 orc warriors
  2 sky beasts (D:7)
  An ice beast (D:7)
  2 black bears (D:4)
  3 ogres
  4 centaurs
  2 lemures (D:4)
  3 phantoms
  A kobold brigand (D:9)
  2 bullfrogs
  A gnoll sergeant (D:7)
  4 scorpions
  13 wights
  14 killer bees
  5 howler monkeys
  2 electric eels (D:9)
  A jelly (D:4)
  3 orc priests
  A gnoll bouda (D:6)
  2 hounds (D:5)
  4 iguanas
  2 orc wizards (D:9)
  5 adders
  8 gnolls
  A shadow imp (D:6)
  A white imp (D:8)
  An ufetubus (D:6)
  4 worms
  4 dart slugs
  13 orcs
  5 ball pythons
  4 endoplasms
  3 giant cockroaches
  6 hobgoblins
  3 quokkas
  5 bats
  3 frilled lizards
  5 goblins
  9 kobolds
  A rat (D:1)
168 creatures vanquished.

Vanquished Creatures (others)
  11 fungi (D:6)
  8 plants (D:9)
19 creatures vanquished.

Grand Total: 187 creatures vanquished

Table legend: (Time is in decaauts)
 A = Elapsed time spent in this place.
 B = Non-inter-level travel time spent in this place.
 C = Inter-level travel time spent in this place.
 D = Time resting spent in this place.
 E = Time spent auto-exploring this place.
 F = Levels seen in this place.
 G = Mean time per level.
                   A        B        C        D        E       F      G
               +--------+--------+--------+--------+--------+-----+--------+
         Total |   7875 |   7333 |    542 |    548 |   5737 |   9 |  875.0 |
       Dungeon |   7875 |   7333 |    542 |    548 |   5737 |   9 |  875.0 |
               +--------+--------+--------+--------+--------+-----+--------+

Top non-repeatable levels by time:
     D:9: 1067 daAuts
     D:4: 989 daAuts
     D:8: 921 daAuts
     D:3: 899 daAuts
     D:7: 877 daAuts
     D:5: 812 daAuts
     D:2: 784 daAuts
     D:6: 783 daAuts
     D:1: 738 daAuts

Table legend:
 A = Non-vault XP
 B = Vault XP
 C = Vault XP percentage of total XP
 D = Non-vault monster count
 E = Vault monster count
 F = Vault count percentage of total count
                 A         B        C        D         E       F
            +---------+---------+-------+---------+---------+-------
      Total |    7392 |    1685 |  18.6 |     154 |      12 |   7.2
            +---------+---------+-------+---------+---------+-------
        D:1 |      19 |       6 |  24.0 |      13 |       2 |  13.3
        D:2 |      35 |       0 |   0.0 |      13 |       0 |   0.0
        D:3 |      72 |       0 |   0.0 |      11 |       0 |   0.0
        D:4 |     904 |     842 |  48.2 |      21 |       2 |   8.7
        D:5 |     498 |       0 |   0.0 |       7 |       0 |   0.0
        D:6 |     644 |     231 |  26.4 |      16 |       6 |  27.3
        D:7 |    1519 |     606 |  28.5 |      21 |       2 |   8.7
        D:8 |    1173 |       0 |   0.0 |      17 |       0 |   0.0
        D:9 |    2528 |       0 |   0.0 |      35 |       0 |   0.0
            +---------+---------+-------+---------+---------+-------
